 Dungeon Crawl Stone Soup version 0.14.1-26-g5a19342 (webtiles) character file.

442 Kae the Insei (level 6, -5/51 HPs)
             Began as a Naga Transmuter on July 30, 2014.
             Slain by an ice beast (10 damage)
             ... on Level 3 of the Dungeon.
             The game lasted 00:07:15 (3695 turns).

Kae the Insei (Naga Transmuter)                     Turns: 3695, Time: 00:07:16

HP  -5/51        AC  4     Str 12      XL: 6   Next: 38%
MP  10/10        EV 10     Int 14      God:
Gold 138         SH  0     Dex 13      Spells:  2 memorised,  6 levels left

rFire  . . .     SeeInvis +     a - +0,+3 spear (flame)
rCold  . . .     Clarity  .     c - +1 robe
rNeg   . . .     Conserve .     (no shield)
rPois  +         rCorr    .     (no helmet)
rElec  .         rRot     .     (no cloak)
SustAb . .       Spirit   .     (no gloves)
rMut   .         Warding  .     (no barding)
Saprov . . .     Stasis   .     (no amulet)
MR     .....                    (no ring)
                                (no ring)

@: very slow, not resistant to hostile enchantments, unstealthy
A: spit poison, see invisible, deformed body, poison resistance, slowness 2, AC
+2
a: Spit Poison


You were on level 3 of the Dungeon.
You were very hungry.

You visited 1 branch of the dungeon, and saw 3 of its levels.
You also visited: Sewer.

You collected 138 gold pieces.

Inventory:

Hand weapons
 a - a +0,+3 spear of flaming (weapon)
 e - a +0,+0 club
Missiles
 b - 28 arrows
 g - 2 darts
 k - 2 poisoned darts (quivered)
 s - 19 poisoned arrows
Armour
 c - a +1 robe (worn)
Comestibles
 f - a bread ration
Scrolls
 h - a scroll of identify
 x - a scroll of teleportation
Potions
 i - a potion of restore abilities
 j - a potion of curing
 l - a potion of flight
 m - a potion of heal wounds {unknown}
 p - a potion of mutation
Books
 d - a book of Changes

   Spells                             Type                      Level
   *Beastly Appendage                 Transmutation                1
   *Sticks to Snakes                  Transmutation                2
   Spider Form                        Transmutation/Poison         3
   Ice Form                           Ice/Transmutation            4
   Blade Hands                        Transmutation                5


   Skills:
 - Level 1.0 Fighting
 - Level 1.5 Dodging
 * Level 6.0 Unarmed Combat
 - Level 2.0 Spellcasting
 + Level 3.9 Transmutations


You had 6 spell levels left.
You knew the following spells:

 Your Spells              Type           Power        Failure   Level  Hunger
a - Beastly Appendage     Trmt           ##....       6%          1    ##.....
b - Sticks to Snakes      Trmt           ##........   10%         2    ###....


Dungeon Overview and Level Annotations

Branches:
Dungeon (3/15)

Altars:
Makhleb
Zin


Innate Abilities, Weirdness & Mutations

You cannot wear boots.
You can spit poison.
Your serpentine skin is tough (AC +2).
You have supernaturally acute eyesight.
Armour fits poorly on your strangely shaped body.
Your system is resistant to poisons.
You cover ground very slowly.


Message History

The ice beast is severely wounded.
The ice beast hits you. The ice beast freezes you! The giant newt misses you.
The goblin hits you but does no damage.
You closely miss the ice beast.
The ice beast is severely wounded.
The ice beast hits you. The ice beast freezes you!
* * * LOW HITPOINT WARNING * * *
The giant newt barely misses you. The goblin hits you but does no damage.
You hit the ice beast but do no damage.
The ice beast is severely wounded.
The ice beast hits you but does no damage.
The giant newt closely misses you. The goblin closely misses you.
The ice beast hits you but does no damage.
You closely miss the ice beast.
The ice beast is severely wounded.
The giant newt barely misses you. The goblin closely misses you.
The ice beast hits you.
* * * LOW HITPOINT WARNING * * *
The ice beast freezes you!
You die...

##....................
..K.K....
##....#######..........
###....#.
##.....................
#.......
#############..........
#......) # #..........###
# #....... #
#..........###...........
#
#...............##.......
#
#...............###..###.
# #.......@.......# #..
#. # #......lgI.#.#### .
#. # ..........# # #. #
..........# .. ###
......>.... ≈≈##
#####.##.#. ##%# .. .#.#
##≈# .. .# .#≈# .


You could see an ice beast, a goblin and a giant newt.

Vanquished Creatures
  A big kobold (Sewer)
  The ghost of Kae the Ruffian, an average NaTm (D:3)
  A big fish (Sewer)
  2 orc wizards
  2 adders (D:2)
  4 green rats
  2 giant mites (D:3)
  A giant gecko (D:1)
  An orc (D:2)
  4 giant cockroaches
  3 goblins
  8 hobgoblins
  4 jackals
  13 kobolds
  A quokka (D:2)
  11 bats
  5 giant newts
  9 rats
73 creatures vanquished.

Notes
Turn   | Place    | Note
--------------------------------------------------------------
     0 | D:1      | Kae, the Naga Transmuter, began the quest for the Orb.
     0 | D:1      | Reached XP level 1. HP: 18/18 MP: 3/3
   512 | D:1      | Reached XP level 2. HP: 15/25 MP: 4/4
   616 | D:1      | Learned a level 2 spell: Sticks to Snakes
  1270 | D:1      | Reached XP level 3. HP: 26/31 MP: 6/6
  1617 | D:2      | Reached skill level 4 in Unarmed Combat
  1725 | D:2      | Found a burning altar of Makhleb.
  1725 | D:2      | Noticed an Executioner
  1750 | D:2      | Found a glowing silver altar of Zin.
  1751 | D:2      | Noticed an angel
  1921 | D:2      | Reached XP level 4. HP: 24/38 MP: 7/7
  2580 | D:3      | Reached XP level 5. HP: 37/44 MP: 9/9
  2624 | D:3      | Reached skill level 5 in Unarmed Combat
  2724 | D:3      | Found a glowing drain.
  2800 | Sewer    | Entered a sewer
  3153 | Sewer    | HP: 2/44 [big kobold/short sword (1)]
  3155 | Sewer    | Reached XP level 6. HP: 2/51 MP: 10/10
  3158 | Sewer    | HP: 1/51 [kobold/ dart (2)]
  3484 | Sewer    | Found a white marble altar of Elyvilon.
  3602 | D:3      | Noticed Kae's ghost (average NaTm)
  3616 | D:3      | Killed Kae's ghost
  3616 | D:3      | Reached skill level 6 in Unarmed Combat
  3680 | D:3      | Noticed an ice beast
  3695 | D:3      | Slain by an ice beast

Action                   |  1- 3 |  4- 6 || total
-------------------------+-------+-------++-------
Melee: Club              |    16 |       ||    16
       Spear             |   113 |   148 ||   261
       Unarmed           |     5 |       ||     5
Throw: Dart              |     2 |     1 ||     3
 Cast: Beastly Appendage |     1 |     1 ||     2
 Abil: Spit Poison       |       |    10 ||    10
  Use: Scroll            |       |     7 ||     7
       Potion            |       |     8 ||     8
 Stab: Sleeping          |     1 |     2 ||     3
